 Dungeon Sprint DCSS version 0.18.1-47-g9310371 (webtiles) character file.

17851 rftp080 the Zephyrmancer (level 12, -17/94 HPs)
             Began as a High Elf Air Elementalist on June 20, 2016.
             Was the Champion of Sif Muna.
             Demolished by a white very ugly thing (36 damage)
             ... in the Dungeon (Sprint IX: "|||||||||||||||||||||||||||||").
             The game lasted 00:15:23 (1994 turns).

rftp080 the Zephyrmancer (HEAE)                     Turns: 1994, Time: 00:15:23

Health: -17/94     AC: 18    Str:  8    XL:     12   Next: 22%
Magic:  1/31       EV: 22    Int: 24    God:    Sif Muna [******]
Gold:   742        SH:  0    Dex: 16    Spells: 9 memorised, 8 levels left

rFire  . . .     SeeInvis .     n - +2 morningstar (protect)
rCold  . . .     Gourm    +     u - +2 robe {rN+}
rNeg   + . .     Faith    .     (no shield)
rPois  .         Spirit   .     (no helmet)
rElec  .         Dismiss  .     q - +0 cloak
rCorr  .         Reflect  .     p - +2 pair of gloves
SustAt .         Harm     .     (no boots)
MR     +....     NoTele   +     F - amulet of the gourmand
Stlth  ++........               s - +2 ring of protection
                                G - +3 ring of protection

@: very slightly contaminated, deflect missiles, somewhat resistant to hostile
enchantments, unstealthy
A: no striking features
a: Channel Energy, Forget Spell, Renounce Religion


You were in the Dungeon.
You worshipped Sif Muna.
Sif Muna was exalted by your worship.
You were not hungry.

You visited 1 branch You collected 1915 gold pieces.
You spent 1173 gold pieces at shops.

Inventory:

Hand Weapons
 f - a +2 scimitar of flaming
 n - a +2 morningstar of protection (weapon)
 o - a +4 quarterstaff of protection
 K - a +0 triple crossbow
Armour
 a - a +0 robe
 p - a +2 pair of gloves (worn)
 q - a +0 cloak (worn)
 u - a +2 robe of positive energy (worn)
 C - a +0 ring mail
 L - a +1 pair of gloves
 M - a +1 fire dragon armour
 N - a cursed +0 pair of boots
 O - a +1 pair of gloves
Magical Staves
 m - an uncursed staff of energy
Jewellery
 r - a +3 ring of intelligence
 s - a +2 ring of protection (right hand)
 F - an amulet of the gourmand (around neck)
 G - a +3 ring of protection (left hand)
 H - an uncursed ring of ice
 I - an uncursed ring of see invisible
 J - an uncursed ring of poison resistance
Wands
 l - a wand of lightning (7/15)
Scrolls
 i - 7 scrolls of remove curse
 j - 5 scrolls of amnesia
 t - 5 scrolls of identify
 v - 4 scrolls of recharging
 w - 2 scrolls of fog
 x - 4 scrolls of enchant weapon
 E - a scroll of magic mapping
Potions
 d - 6 potions of curing
 e - 4 potions of heal wounds
 g - 3 potions of magic
 P - 2 potions of cure mutation
 Q - 3 potions of brilliance
Books
 b - a book of Air

   Spells                             Type                      Level
   a - Shock                          Conjuration/Air              1
   b - Swiftness                      Charms/Air                   2
   c - Repel Missiles                 Charms/Air                   2
   d - Static Discharge               Conjuration/Air              3
   e - Lightning Bolt                 Conjuration/Air              5
 c - Sif Muna's Advanced Guide to Magic
   (Sif Muna gifted it to you in the Dungeon)

   Spells                             Type                      Level
   a - Excruciating Wounds            Charms/Necromancy            5
   b - Venom Bolt                     Conjuration/Poison           5
   c - Bolt of Magma                  Conjuration/Fire/Earth       5
   d - Dispel Undead                  Necromancy                   5
   e - Summon Demon                   Summoning                    5
   f - Blade Hands                    Transmutation                5
 h - Sif Muna's Catalogue of Glacial Air
   (Sif Muna gifted it to you in the Dungeon)

   Spells                             Type                      Level
   a - Airstrike                      Air                          4
   b - Lightning Bolt                 Conjuration/Air              5
 y - Sif Muna's Reference Book on Excruciating Cold
   (Sif Muna gifted it to you in the Dungeon)

   Spells                             Type                      Level
   a - Throw Flame                    Conjuration/Fire             2
   b - Conjure Flame                  Conjuration/Fire             3
   c - Mephitic Cloud                 Conjuration/Poison/Air       3
   d - Throw Icicle                   Conjuration/Ice              4
   e - Fireball                       Conjuration/Fire             5
 D - Sif Muna's Papyrus of Excruciating Feathers
   (Sif Muna gifted it to you in the Dungeon)

   Spells                             Type                      Level
   a - Magic Dart                     Conjuration                  1
   b - Searing Ray                    Conjuration                  2
   c - Stone Arrow                    Conjuration/Earth            3
   d - Deflect Missiles               Charms/Air                   6
   e - Bolt of Fire                   Conjuration/Fire             6
Comestibles
 z - 38 fruits
 A - 10 bread rations
 B - 12 meat rations


   Skills:
 + Level 13.2 Fighting
 + Level 14.4 Dodging
 - Level 2.1 Stealth
 + Level 14.4 Spellcasting
 + Level 14.3 Conjurations
 + Level 5.9 Charms
 - Level 14.4 Air Magic
 + Level 12.6 Invocations


You had 8 spell levels left.
You knew the following spells:

 Your Spells              Type           Power        Failure   Level  Hunger
a - Shock                 Conj/Air       ####         0%          1    None
b - Repel Missiles        Chrm/Air       ######       1%          2    None
c - Swiftness             Chrm/Air       ######..     1%          2    None
d - Static Discharge      Conj/Air       ######..     1%          3    None
e - Lightning Bolt        Conj/Air       ######....   1%          5    ##.....
f - Conjure Flame         Conj/Fire      ######..     1%          3    None
g - Mephitic Cloud        Conj/Pois/Air  ######..     1%          3    None
h - Deflect Missiles      Chrm/Air       ######....   10%         6    #####..
i - Bolt of Fire          Conj/Fire      ######....   30%         6    #####..


Dungeon Overview and Level Annotations

Branches:
Dungeon (1/1)

Altars:
Cheibriados
Dithmenos
Elyvilon
Fedhas
Gozag
Kikubaaqudgha
Makhleb
Nemelex Xobeh
Okawaru
Pakellas
Qazlal
Ru
Sif Muna
Trog
Vehumet
Xom
Yredelemnul
Zin
The Shining One
Beogh
Jiyva
Lugonu

Shops:
D ?%=(


Message History

You finish memorising.
Spell assigned to 'i'.
Unknown command.
Casting: Lightning Bolt
Confirm with . or Enter, or press ? or * to list all spells.
Aiming: Bolt of Fire
Press: ? - help, Shift-Dir - straight line, f - white very ugly thing
Aim: a white very ugly thing The bolt of fire hits the white very ugly thing.
The white very ugly thing is moderately wounded.
Casting: Bolt of Fire
Confirm with . or Enter, or press ? or * to list all spells.
Aiming: Bolt of Fire
Press: ? - help, Shift-Dir - straight line, f/p - white very ugly thing
Aim: a white very ugly thing (moderately wounded)
The bolt of fire hits the white very ugly thing.
The white very ugly thing is heavily wounded.
The white very ugly thing kicks you!
* * * LOW HITPOINT WARNING * * *
The white very ugly thing freezes you!!!
You die...

........................▓
▓▓▓▓▓▓▓▓▓▓▓▓▓▓▓▓▓▓▓▓▓▓▓.▓
†††.....[.......'.......▓
▓▓▓▓▓▓▓▓▓▓▓▓▓▓▓▓▓▓▓▓▓▓▓▓▓
........................▓
▓▓▓▓▓▓▓▓▓▓▓▓▓▓▓▓▓▓▓▓▓▓▓.▓
...)).))))).............▓
▓▓▓▓▓▓▓▓▓▓▓▓▓▓▓▓▓▓▓▓▓▓▓▓▓
..).............@u......▓
▓▓▓▓▓▓▓▓▓▓▓▓▓▓▓▓▓▓▓▓▓▓▓.▓
.))))))).....='.........▓
▓▓▓▓▓▓▓▓▓▓▓▓▓▓▓▓▓▓▓▓▓▓▓▓▓


You could see a white very ugly thing.

Vanquished Creatures
  An ettin (D)
  Josephine (D)
  Harold (D)
  7 orc high priests (D)
  Urug (D)
  2 unseen horrors (D)
  A lindwurm (D)
  A necromancer (D)
  2 orc knights (D)
  A hill giant (D)
  A cyclops (D)
  A manticore (D)
  2 black mambas (D)
  2 spiny frogs (D)
  A kobold demonologist (D)
  A komodo dragon (D)
  A yaktaur (D)
  A troll (D)
  3 blink frogs (D)
  6 wraiths (D)
  A yak (D)
  3 hippogriffs (D)
  3 vampire mosquitoes (D)
  A porcupine (D)
  10 orc warriors (D)
  A centaur (D)
  3 crocodiles (D)
  7 giant frogs (D)
  A scorpion (D)
  A howler monkey (D)
  10 orc priests (D)
  2 orc wizards (D)
  An iguana (D)
  2 worker ants (D)
  3 river rats (D)
  An adder zombie (D)
  An adder skeleton (D)
  A dart slug (D)
  A giant gecko (D)
  9 orcs (D)
  A goblin (D)
  A hobgoblin (D)
  A jackal (D)
  2 giant newts (D)
104 creatures vanquished.

Notes
Turn   | Place    | Note
--------------------------------------------------------------
     0 | D        | rftp080 the High Elf Air Elementalist began the quest for the Orb.
     0 | D        | Reached XP level 1. HP: 11/11 MP: 4/4
     4 | D        | Reached skill level 1 in Fighting
    48 | D        | Noticed a worker ant
    48 | D        | Noticed an iguana
    48 | D        | Noticed a scorpion
    51 | D        | Reached XP level 2. HP: 18/18 MP: 4/7
    60 | D        | Reached XP level 3. HP: 14/25 MP: 1/9
    65 | D        | Killed a scorpion
    65 | D        | Reached skill level 5 in Air Magic
    65 | D        | Reached XP level 4. HP: 18/31 MP: 0/11
    72 | D        | Reached skill level 5 in Dodging
    72 | D        | Reached skill level 5 in Spellcasting
    87 | D        | Found a glowing silver altar of Zin.
    87 | D        | Found a glowing golden altar of the Shining One.
    87 | D        | Found an ancient bone altar of Kikubaaqudgha.
    87 | D        | Found a basalt altar of Yredelemnul.
    87 | D        | Found a shimmering altar of Xom.
    87 | D        | Found a radiant altar of Vehumet.
    88 | D        | Found an iron altar of Okawaru.
    89 | D        | Found a burning altar of Makhleb.
    90 | D        | Found a deep blue altar of Sif Muna.
    91 | D        | Found a bloodstained altar of Trog.
    92 | D        | Found a sparkling altar of Nemelex Xobeh.
    93 | D        | Found a white marble altar of Elyvilon.
    94 | D        | Found a roughly hewn altar of Beogh.
    95 | D        | Found a viscous altar of Jiyva.
    96 | D        | Found a corrupted altar of Lugonu.
    97 | D        | Found a blossoming altar of Fedhas.
    98 | D        | Became a worshipper of Sif Muna the Loreminder
   119 | D        | Found a snail-covered altar of Cheibriados.
   255 | D        | Found a shadowy altar of Dithmenos.
   256 | D        | Found a stormy altar of Qazlal.
   257 | D        | Found an opulent altar of Gozag.
   258 | D        | Found a sacrificial altar of Ru.
   259 | D        | Found an oddly glowing altar of Pakellas.
   294 | D        | Learned a level 2 spell: Repel Missiles
   297 | D        | Learned a level 2 spell: Swiftness
   301 | D        | Learned a level 3 spell: Static Discharge
   301 | D        | Noticed a yak
   301 | D        | Noticed a giant frog
   301 | D        | Noticed a wraith
   304 | D        | Killed a giant frog
   304 | D        | Reached skill level 5 in Conjurations
   304 | D        | Reached XP level 5. HP: 38/38 MP: 10/14
   307 | D        | Reached * piety under Sif Muna
   309 | D        | Reached skill level 5 in Fighting
   339 | D        | Killed a yak
   339 | D        | Reached ** piety under Sif Muna
   339 | D        | Reached XP level 6. HP: 9/46 MP: 3/17
   339 | D        | HP: 2/46 [wraith (7)]
   345 | D        | Killed a wraith
   345 | D        | Reached *** piety under Sif Muna
   345 | D        | Reached XP level 7. HP: 53/53 MP: 4/19
   388 | D        | Learned a level 5 spell: Lightning Bolt
   410 | D        | Noticed a manticore
   410 | D        | Noticed a troll
   410 | D        | Noticed a hill giant
   411 | D        | Reached skill level 1 in Invocations
   412 | D        | Killed a troll
   412 | D        | Reached **** piety under Sif Muna
   413 | D        | Killed a hill giant
   413 | D        | Reached ***** piety under Sif Muna
   413 | D        | Reached skill level 10 in Air Magic
   413 | D        | Reached XP level 8. HP: 61/61 MP: 4/22
   420 | D        | Killed a manticore
   420 | D        | Reached skill level 5 in Invocations
   573 | D        | Noticed a black mamba
   573 | D        | Noticed a komodo dragon
   577 | D        | Killed a komodo dragon
   577 | D        | Reached skill level 10 in Dodging
   577 | D        | Reached skill level 10 in Spellcasting
   577 | D        | Reached XP level 9. HP: 63/68 MP: 2/24
   579 | D        | Noticed a spiny frog
   584 | D        | Reached skill level 10 in Conjurations
   584 | D        | Killed a spiny frog
   584 | D        | Reached ****** piety under Sif Muna
   584 | D        | Received a gift from Sif Muna
   585 | D        | Killed a black mamba
   588 | D        | Identified Sif Muna's Reference Book on Excruciating Cold (Sif Muna gifted it to you in the Dungeon)
   593 | D        | Learned a level 3 spell: Conjure Flame
   597 | D        | Learned a level 3 spell: Mephitic Cloud
   613 | D        | Noticed a black mamba
   702 | D        | Noticed a lindwurm
   708 | D        | Killed a black mamba
   726 | D        | Killed a lindwurm
   726 | D        | Reached skill level 10 in Fighting
   726 | D        | Reached XP level 10. HP: 48/76 MP: 0/26
   851 | D        | Noticed a spiny frog
   854 | D        | Killed a spiny frog
   854 | D        | Received a gift from Sif Muna
   875 | D        | Identified Sif Muna's Catalogue of Glacial Air (Sif Muna gifted it to you in the Dungeon)
   948 | D        | Noticed Harold
   957 | D        | Killed Harold
  1163 | D        | Noticed an orc knight
  1163 | D        | Noticed an orc knight
  1174 | D        | Killed an orc knight
  1174 | D        | Reached skill level 10 in Invocations
  1175 | D        | Killed an orc knight
  1175 | D        | Reached XP level 11. HP: 34/83 MP: 5/28
  1398 | D        | Found Gorukhlo's Weapon Boutique.
  1398 | D        | Noticed an orc high priest
  1398 | D        | Noticed an orc high priest
  1398 | D        | Noticed an orc high priest
  1400 | D        | Killed an orc high priest
  1400 | D        | Received a gift from Sif Muna
  1401 | D        | Killed an orc high priest
  1402 | D        | Noticed an orc high priest
  1402 | D        | Killed an orc high priest
  1410 | D        | Noticed an orc high priest
  1417 | D        | HP: 3/85 [orc high priest/trident (2)]
  1421 | D        | Killed an orc high priest
  1422 | D        | Killed an orc high priest
  1426 | D        | Identified Sif Muna's Papyrus of Excruciating Feathers (Sif Muna gifted it to you in the Dungeon)
  1434 | D        | Learned a level 6 spell: Deflect Missiles
  1436 | D        | Found Kewainy's Jewellery Shop.
  1439 | D        | Noticed an orc high priest
  1443 | D        | Noticed an orc high priest
  1444 | D        | Killed an orc high priest
  1445 | D        | Noticed a sun demon
  1454 | D        | Killed an orc high priest
  1456 | D        | Found Ynuawn's Food Boutique.
  1470 | D        | Found Deref's Magic Scroll Shop.
  1479 | D        | Bought a scroll of recharging for 114 gold pieces
  1479 | D        | Bought a scroll of magic mapping for 42 gold pieces
  1479 | D        | Bought a scroll of fog for 24 gold pieces
  1479 | D        | Bought 3 scrolls of amnesia for 126 gold pieces
  1479 | D        | Bought a scroll of identify for 24 gold pieces
  1479 | D        | Bought a scroll of identify for 24 gold pieces
  1479 | D        | Bought a scroll of identify for 24 gold pieces
  1479 | D        | Bought a scroll of remove curse for 36 gold pieces
  1479 | D        | Bought a scroll of identify for 24 gold pieces
  1479 | D        | Bought a scroll of remove curse for 36 gold pieces
  1479 | D        | Bought a scroll of remove curse for 36 gold pieces
  1488 | D        | Bought an uncursed amulet of the gourmand for 390 gold pieces
  1488 | D        | Bought a +3 ring of protection for 273 gold pieces
  1700 | D        | Received a gift from Sif Muna
  1701 | D        | Identified Sif Muna's Advanced Guide to Magic (Sif Muna gifted it to you in the Dungeon)
  1704 | D        | Reached skill level 1 in Charms
  1705 | D        | Noticed Josephine
  1728 | D        | Killed Josephine
  1773 | D        | Noticed Urug
  1815 | D        | Killed Urug
  1920 | D        | Killed an unseen horror
  1920 | D        | Reached XP level 12. HP: 82/92 MP: 4/31
  1920 | D        | Received a gift from Sif Muna
  1920 | D        | Reached skill level 5 in Charms
  1926 | D        | Noticed an ettin
  1929 | D        | Noticed a cyan very ugly thing
  1940 | D        | Killed an ettin
  1943 | D        | Noticed an entropy weaver
  1947 | D        | Noticed an ettin
  1993 | D        | Learned a level 6 spell: Bolt of Fire
  1994 | D        | Demolished by a white very ugly thing

Skill      XL: |  1  2  3  4  5  6  7  8  9 10 11 12 |
---------------+-------------------------------------+-----
Fighting       | 1 2 3 4 6 8 9 10 11 12 13 | 13.2
Spellcasting   | 3 4 5 7 9 10 11 12 14 | 14.4
Conjurations   | 2 3 4 5 6 7 8 9 11 12 13 14 | 14.3
Air Magic      | 4 5 6 8 10 11 12 13 14 | 14.4
Dodging        | 3 4 5 7 9 10 11 12 14 | 14.4
Invocations    | 4 6 8 10 12 | 12.6
Charms         | 4 5 |  5.9
Stealth        | |  2.1

Action                   |  1- 3 |  4- 6 |  7- 9 | 10-12 || total
-------------------------+-------+-------+-------+-------++-------
Melee: Morningstar       |       |     2 |       |     5 ||     7
 Cast: Shock             |     8 |    17 |       |       ||    25
       Swiftness         |       |     1 |       |       ||     1
       Lightning Bolt    |       |       |    20 |    78 ||    98
       Repel Missiles    |       |       |     1 |       ||     1
       Deflect Missiles  |       |       |       |     2 ||     2
       Bolt of Fire      |       |       |       |     2 ||     2
Invok: Channel Energy    |       |       |    27 |   107 ||   134
  Use: Potion            |     1 |     5 |       |     6 ||    12
       Scroll            |       |     1 |     2 |     2 ||     5
  Eat: Chunk             |       |       |     4 |    20 ||    24
       Bread ration      |       |       |     1 |     2 ||     3
       Fruit             |       |       |       |     2 ||     2
Armor: Robe              |       |     2 |    15 |    27 ||    44
Dodge: Dodged            |     1 |    16 |    59 |    61 ||   137
       Deflected         |       |       |       |     1 ||     1
